 Dungeon Crawl Stone Soup version 0.19.0-24-gb05acd6 (webtiles) character file.

3166 Gargo the Magician (level 9, -2/49 HPs)
             Began as a Gargoyle Earth Elementalist on Nov 21, 2016.
             Was a Priest of Vehumet.
             Slain by a killer bee (3 damage)
             ... on level 7 of the Dungeon.
             The game lasted 00:45:09 (8032 turns).

Gargo the Magician (Gargoyle Earth Elementalist)    Turns: 8032, Time: 00:45:12

Health: -2/49      AC: 11    Str: 12    XL:     9   Next: 94%
Magic:  17/20      EV: 12    Int: 19    God:    Vehumet [***...]
Gold:   195        SH:  0    Dex: 10    Spells: 5 memorised, 11 levels left

rFire  . . .     SeeInvis .     b - 99 stones
rCold  . . .     Gourm    .     x - +1 robe
rNeg   + . .     Faith    .     (no shield)
rPois  ∞         Spirit   .     l - +1 helmet
rElec  +         Reflect  .     (no cloak)
rCorr  .         Harm     .     (no gloves)
MR     .....                    (no boots)
Stlth  ++........               (no amulet)
                                (no ring)
                                (no ring)

@: no status effects
A: negative energy resistance 1, electricity resistance, unbreathing,
petrification resistance, rot immunity, AC +5
a: Renounce Religion


You were on level 7 of the Dungeon.
You worshipped Vehumet.
Vehumet was most pleased with you.
You were hungry.

You visited 2 branches of the dungeon, and saw 9 of its levels.

You collected 277 gold pieces.
You spent 82 gold pieces at shops.

Inventory:

Hand Weapons
 a - a +2 dagger of speed
 c - a +3 flail of protection
 n - a +3 dagger
 z - a +0 whip
Missiles
 b - 99 stones (in hand)
Armour
 l - a +1 helmet (worn)
 x - a +1 robe (worn)
 E - a +0 shield
Wands
 g - a wand of iceblast (10/15)
 i - a wand of digging (8/24)
 q - a wand of lightning (11/15)
 s - a wand of iceblast (1/15)
Scrolls
 e - a scroll of summoning {unknown}
 f - 2 scrolls of remove curse
 t - 2 scrolls of identify
Potions
 d - a potion of ambrosia {unknown}
 h - a potion of haste {unknown}
 k - a potion of lignification {unknown}
 o - 2 potions of cure mutation {unknown}
 A - a potion of might {unknown}
Books
 r - a book of Conjurations

   Spells                             Type                      Level
   a - Magic Dart                     Conjuration                  1
   b - Searing Ray                    Conjuration                  2
   c - Dazzling Spray                 Conjuration/Hexes            3
   d - Fulminant Prism                Conjuration/Hexes            4
   e - Iskenderun's Mystic Blast      Conjuration                  4
   f - Iskenderun's Battlesphere      Conjuration/Charms           5
Comestibles
 j - a beef jerky


   Skills:
 + Level 2.8 Fighting
 + Level 2.6 Maces & Flails
 + Level 3.1 Armour
 + Level 2.9 Dodging
 - Level 2.1 Stealth
 * Level 7.6 Spellcasting
 + Level 5.5 Conjurations
   Level 0.7 Transmutations
 + Level 3.6 Fire Magic
 + Level 7.5 Earth Magic
 + Level 2.5 Evocations


You had 11 spell levels left.
You knew the following spells:

 Your Spells              Type           Power        Failure   Level  Hunger
a - Sandblast             Erth           #####.       1%          1    None
b - Lee's Rapid Deconstr  Erth           #####.....   4%          5    #####..
e - Throw Flame           Conj/Fire      ###...       1%          2    None
A - Stone Arrow           Conj/Erth      ####..       1%          3    #......
E - Sting                 Conj/Pois      ###.         1%          1    None


Dungeon Overview and Level Annotations

Branches:
Dungeon (8/15)             Temple (1/1) D:5
   Lair: D:8-11

Altars:
Cheibriados
Elyvilon
Fedhas
Gozag
Hepliaklqana
Kikubaaqudgha
Makhleb
Nemelex Xobeh
Qazlal
Ru
Sif Muna
Uskayaw
Vehumet
Xom
Yredelemnul
Zin
The Shining One

Shops:
D:4 ?


Innate Abilities, Weirdness & Mutations

You are resistant to torment.
Your stone body is resilient. (AC +5)
You are immune to poison.
You resist negative energy. (rN+)
You are resistant to electric shocks. (rElec)
You can survive without breathing.
You are immune to petrification.
You are immune to rotting.


Message History

The killer bee barely misses you.
The killer bee stings you but does no damage. x2
The killer bee barely misses you.
Casting: Sandblast
Confirm with . or Enter, or press ? or * to list all spells.
Aiming: Sandblast
Press: ? - help, Shift-Dir - straight line, f - killer bee, p - killer bee
Aim: a killer bee (severely wounded)
The rocky blast misses the killer bee.
The killer bee closely misses you. The killer bee misses you.
The killer bee stings you. The killer bee completely misses you.
The killer bee stings you!
* * * LOW HITPOINT WARNING * * *
The killer bee stings you but does no damage.
You feel better. The killer bee misses you. The killer bee stings you!
* * * LOW HITPOINT WARNING * * *
The killer bee stings you!
* * * LOW HITPOINT WARNING * * *
The killer bee misses you. The killer bee barely misses you.
The killer bee stings you.
You die...

#....## ##.....#
##......## ##
.##........###..
...............#
..............#
......[#.yy...#
...$....y@...#
.............#
.............##
#....#.(....#
##...(##....#
#(...#####..#
##....# #..#
##...# #.#
#....## #.


You could see 3 killer bees.

Vanquished Creatures
  A deep elf mage (D:6)
  The ghost of Gargo the Magician, a novice GrEE of Vehumet (D:6)
  The ghost of psellion the Shield-Bearer, a novice FoFi (D:4)
  Grinder (D:5)
  Sigmund (D:4)
  Edmund (D:6)
  A sky beast (D:6)
  An ice beast (D:5)
  A centaur (D:7)
  An ogre (D:5)
  Blork the orc (D:5)
  2 bullfrogs
  3 scorpions
  3 killer bees (D:5)
  A howler monkey (D:5)
  2 crimson imps
  8 hounds
  2 bullfrog skeletons (D:5)
  An iguana (D:6)
  An orc wizard (D:5)
  2 worker ants
  2 hound skeletons
  A howler monkey zombie (D:6)
  13 adders
  3 gnolls (D:3)
  A shadow imp (D:5)
  2 oozes
  2 adder zombies (D:5)
  An adder skeleton (D:3)
  3 worms
  13 dart slugs
  2 leopard geckos
  15 orcs
  6 giant cockroaches
  8 goblins
  11 hobgoblins
  7 jackals (D:4)
  2 quokkas
  A ball python (D:3)
  8 bats
  7 frilled lizards
  10 kobolds
  A leopard gecko skeleton (D:5)
  A leopard gecko zombie (D:5)
  2 quokka zombies (D:5)
  6 rats
164 creatures vanquished.

Vanquished Creatures (others)
  A human (D:2)
1 creature vanquished.

Grand Total: 165 creatures vanquished

Notes
Turn   | Place    | Note
-------+----------+-------------------------------------------
     0 | D:1      | Gargo the Gargoyle Earth Elementalist began the quest for the Orb.
     0 | D:1      | Reached XP level 1. HP: 10/10 MP: 3/3
   216 | D:1      | Reached XP level 2. HP: 15/15 MP: 5/5
   870 | D:2      | Reached XP level 3. HP: 19/19 MP: 2/7
   876 | D:2      | Learned a level 3 spell: Stone Arrow
  1593 | D:2      | Found a radiant altar of Vehumet.
  1601 | D:2      | Became a worshipper of Vehumet
  1728 | D:2      | Reached XP level 4. HP: 22/24 MP: 0/9
  2128 | D:2      | Found an ancient bone altar of Kikubaaqudgha.
  2132 | D:2      | Noticed a human
  2133 | D:2      | Killed a human
  2504 | D:3      | Reached XP level 5. HP: 19/28 MP: 0/11
  2638 | D:3      | Reached * piety under Vehumet
  2638 | D:3      | Offered knowledge of Sting by Vehumet.
  2641 | D:3      | Learned a level 1 spell: Sting
  2776 | D:3      | Reached skill level 5 in Earth Magic
  2794 | D:3      | Reached skill level 1 in Conjurations
  3121 | D:3      | Found a sacrificial altar of Ru.
  3150 | D:3      | Found a snail-covered altar of Cheibriados.
  3454 | D:5      | Entered Level 5 of the Dungeon
  3475 | D:5      | Reached XP level 6. HP: 25/32 MP: 1/13
  3610 | D:4      | Noticed psellion's ghost (novice FoFi)
  4027 | D:5      | Noticed an ice beast
  4038 | D:5      | Killed an ice beast
  4038 | D:5      | Reached skill level 5 in Spellcasting
  4055 | D:5      | Found an opulent altar of Gozag.
  4168 | D:5      | Reached XP level 7. HP: 18/36 MP: 11/15
  4413 | D:5      | Reached ** piety under Vehumet
  4472 | D:5      | Offered knowledge of Throw Flame by Vehumet.
  4478 | D:5      | Learned a level 2 spell: Throw Flame
  4595 | D:5      | Found a staircase to the Ecumenical Temple.
  4600 | Temple   | Entered the Ecumenical Temple
  4627 | Temple   | Learned a level 5 spell: Lee's Rapid Deconstruction
  4926 | D:5      | Reached skill level 1 in Fire Magic
  4999 | D:4      | Noticed Sigmund
  5119 | D:4      | Reached XP level 8. HP: 27/41 MP: 9/17
  5226 | D:4      | Found Kalegen's Magic Scroll Shoppe.
  5234 | D:4      | Bought a scroll of enchant weapon for 82 gold pieces
  5448 | D:4      | Killed psellion's ghost
  5720 | D:4      | Killed Sigmund
  5727 | D:4      | Offered knowledge of Mephitic Cloud by Vehumet.
  5967 | D:5      | Noticed Blork the orc
  5975 | D:5      | Killed Blork the orc
  5975 | D:5      | Reached skill level 1 in Armour
  5975 | D:5      | Reached skill level 1 in Evocations
  6146 | D:5      | Reached *** piety under Vehumet
  6253 | D:5      | Noticed Grinder
  6257 | D:5      | Reached skill level 1 in Fighting
  6267 | D:5      | Killed Grinder
  6267 | D:5      | Reached skill level 1 in Maces & Flails
  6267 | D:5      | Reached XP level 9. HP: 44/47 MP: 0/19
  6714 | D:6      | Noticed Edmund
  6722 | D:6      | Noticed Gargo's ghost (novice GrEE)
  6723 | D:6      | Killed Edmund
  7208 | D:6      | Reached skill level 5 in Conjurations
  7230 | D:6      | Noticed a deep elf mage
  7240 | D:6      | Killed a deep elf mage
  7301 | D:6      | Offered knowledge of Inner Flame by Vehumet.
  7805 | D:6      | Killed Gargo's ghost
  8032 | D:7      | HP: 1/49 [killer bee (7)]
  8032 | D:7      | Slain by a killer bee

Skill      XL: |  1  2  3  4  5  6  7  8  9 |
---------------+----------------------------+-----
Earth Magic    | 4 5 6 7 |  7.5
Spellcasting   | 3 4 5 6 7 |  7.6
Conjurations   | 1 2 3 4 5 |  5.5
Fire Magic     | 1 2 3 |  3.6
Armour         | 1 3 |  3.1
Evocations     | 1 2 |  2.5
Dodging        | 2 |  2.9
Fighting       | 1 2 |  2.8
Maces & Flails | 1 2 |  2.6
Stealth        | |  2.1
Transmutations | |  0.7

Action                   |  1- 3 |  4- 6 |  7- 9 || total
-------------------------+-------+-------+-------++-------
Melee: Unarmed           |     8 |       |       ||     8
       Dagger            |    17 |    15 |    14 ||    46
       Short sword       |       |    14 |       ||    14
 Cast: Sandblast         |    78 |   139 |   201 ||   418
       Stone Arrow       |       |     5 |    31 ||    36
       Sting             |       |       |    10 ||    10
       Throw Flame       |       |       |     6 ||     6
       Lee's Rapid Decon |       |       |     1 ||     1
Evoke: Wand              |       |       |     4 ||     4
  Use: Scroll            |       |     1 |    11 ||    12
       Potion            |       |       |     2 ||     2
 Stab: Sleeping          |     4 |     8 |     4 ||    16
  Eat: Chunk             |     2 |     7 |    12 ||    21
       Beef jerky        |       |       |     1 ||     1
Armor: Robe              |    18 |    39 |    76 ||   133
Dodge: Dodged            |    40 |    83 |   121 ||   244
